 Dungeon Crawl Stone Soup version 0.29.0-5-ge4962eb29e (webtiles) character file.

Game seed: 219902363218739908

49 Ordine the Magician (level 3, -4/19 HPs)
             Began as a Deep Elf Hedge Wizard on Aug 28, 2022.
             Was an Initiate of Sif Muna.
             Slain by an iguana (8 damage)
             ... on level 4 of the Dungeon.
             The game lasted 00:09:01 (3712 turns).

Ordine the Magician (Deep Elf Hedge Wizard)         Turns: 3712, Time: 00:09:02

Health: -4/19      AC:  3    Str:  7    XL:     3   Next: 51%
Magic:  0/11       EV: 13    Int: 20    God:    Sif Muna [......]
Gold:   163        SH:  0    Dex: 14    Spells: 5/11 levels left

rFire   . . .      SeeInvis .   a - +0 dagger (venom)
rCold   . . .      Faith    .   (no shield)
rNeg    . . .      Spirit   .   b - +0 robe
rPois   .          Reflect  .   c - +0 hat
rElec   .          Harm     .   x - scarf {+Inv}
rCorr   .          Rampage  .   (no gloves)
Will    .....                   h - +0 pair of boots
Stlth   ++........              (no amulet)
HPRegen 0.06/turn               w - ring of wizardry
MPRegen 0.12/turn               (no ring)

@: no status effects
A: no striking features
a: Renounce Religion, Evoke Invisibility


You were on level 4 of the Dungeon.
You worshipped Sif Muna.
Sif Muna was noncommittal.
You visited 2 branches of the dungeon, and saw 5 of its levels.

You collected 163 gold pieces.

Inventory:

Hand Weapons
 a - a +0 dagger of venom (weapon)
Armour
 b - a +0 robe (worn)
 c - a +0 hat (worn)
 h - a +0 pair of boots (worn)
 x - a scarf of invisibility (worn)
 y - the +9 ring mail of the Bagpipe {Str+3 Dex+4}
   (You found it on level 4 of the Dungeon)

   Str:       It affects your strength (+3).
   Dex:       It affects your dexterity (+4).
 z - an orb of energy
Jewellery
 w - a ring of wizardry (left hand)
Scrolls
 e - a scroll of immolation {unknown}
 f - 3 scrolls of vulnerability {unknown}
 g - 2 scrolls of fear {unknown}
 i - 3 scrolls of noise {unknown}
 j - 2 scrolls of teleportation {unknown}
 l - a scroll of amnesia {unknown}
 n - 4 scrolls of identify {unknown}
 o - a scroll of magic mapping {unknown}
 v - a scroll of butterflies {unknown}
Potions
 d - a potion of magic
 k - a potion of resistance {unknown}
 m - a potion of curing {unknown}
 p - a potion of haste {unknown}
 q - a potion of might {unknown}
 r - a potion of mutation {unknown}
 s - 2 potions of ambrosia {unknown}
 t - a potion of heal wounds {unknown}
 u - a potion of cancellation {unknown}


   Skills:
 - Level 3.0 Dodging
 - Level 3.0 Stealth
 + Level 4.7 Spellcasting
 * Level 1.6 Conjurations
 + Level 1.9 Summonings
 + Level 1.8 Translocations
 + Level 0.3 Air Magic
 + Level 0.0 Evocations


You had 5 spell levels left.
You knew the following spells:

 Your Spells              Type           Power      Damage    Failure   Level
a - Magic Dart            Conj           44%        1d5       2%          1
b - Blink                 Tloc           22%        N/A       3%          2
c - Mephitic Cloud        Conj/Pois/Air  7%         N/A       11%         3

Your spell library contained the following spells:

 Spells                   Type           Power      Damage    Failure   Level
 Call Imp                 Summ           12%        N/A       3%          2
 Slow                     Hex            16%        N/A       4%          1
 Conjure Flame            Conj/Fire      8%         6-21      11%         3
 Spider Form              Tmut/Pois      4%         N/A       14%         3
 Corpse Rot               Necr/Pois/Air  5%         N/A       41%         4
 Olgreb's Toxic Radiance  Pois           4%         N/A       41%         4


Dungeon Overview and Level Annotations

Branches:
Dungeon (4/15)             Temple (1/1) D:4

Altars:
Ashenzari
Cheibriados
Elyvilon
Kikubaaqudgha
Makhleb
Okawaru
Ru
Sif Muna
Trog
Uskayaw
Zin

Shops:
D:2 :

Annotations:
D:3 exclusion: ogre


Message History

Nothing appears to happen.
The magic dart hits the iguana.
The iguana is lightly wounded.
The magic dart hits the iguana.
The iguana is moderately wounded.
The magic dart hits the iguana.
The iguana is heavily wounded.
The magic dart hits the iguana.
The iguana is severely wounded.
The iguana bites you.
The magic dart hits the iguana but does no damage.
The iguana is severely wounded.
The iguana misses you.
The magic dart hits the iguana but does no damage.
The iguana is severely wounded.
The iguana barely misses you.
Your magical contamination has completely faded away.
The magic dart hits the iguana.
The iguana is severely wounded.
The iguana misses you.
The magic dart hits the iguana but does no damage.
The iguana is severely wounded.
The iguana completely misses you.
The magic dart hits the iguana but does no damage.
The iguana is severely wounded.
The iguana bites you but does no damage.
The magic dart hits the iguana.
The iguana is severely wounded.
The iguana closely misses you.
The magic dart hits the iguana.
The iguana is almost dead.
The iguana bites you!
You hit the iguana but do no damage.
The iguana is almost dead.
The iguana bites you.
* * * LOW HITPOINT WARNING * * *
You completely miss the iguana.
The iguana is almost dead.
The iguana bites you!
You die...

.... .... ..... .....
......# ###......#
#.l......+ #@#####..#
#.....#..# #####.#.#
#.#.# #####.#.#
#.....#.# ####
#.#####.# #... #.# #.#
#.⌠.
#####.#####.#######...


You could see an iguana.

Vanquished Creatures
  2 dart slugs
  6 endoplasms
  2 giant cockroaches
  4 goblins
  5 hobgoblins
  4 kobolds
  4 quokkas
  2 ball pythons (D:1)
  8 bats
  2 frilled lizards
39 creatures vanquished.

Notes
Turn   | Place    | Note
-------+----------+-------------------------------------------
     0 | D:1      | Ordine the Deep Elf Hedge Wizard began the quest for the
                  | Orb.
     0 | D:1      | Reached XP level 1. HP: 10/10 MP: 7/7
   116 | D:1      | Got Heneuxo's Teachings on Envenoming
   392 | D:1      | Reached XP level 2. HP: 15/15 MP: 5/9
   430 | D:1      | Learned a level 2 spell: Blink
  1409 | D:2      | Found Gedyh's Book Shoppe.
  1721 | D:2      | Found an iron altar of Okawaru.
  1876 | D:2      | Reached XP level 3. HP: 19/19 MP: 4/11
  1880 | D:2      | Learned a level 3 spell: Mephitic Cloud
  3002 | D:3      | Noticed an ogre
  3416 | D:4      | Identified the +9 ring mail of the Bagpipe {Str+3 Dex+4}
  3510 | D:4      | Found a staircase to the Ecumenical Temple.
  3520 | Temple   | Entered the Ecumenical Temple
  3564 | Temple   | Became a worshipper of Sif Muna the Loreminder
  3634 | D:4      | Found a broken altar of Ashenzari.
  3712 | D:4      | Slain by an iguana

Illustrated notes

Levels and vault maps discovered:
D:1:      amcnicky_arrival_wind_blow, layout_basic, minmay_tromino_v4_c
D:2:      layout_loops_ring, basic_altar, serial_shops,
          nicolae_shop_hallway_stairs
D:3:      layout_basic
D:4:      layout_basic, jmf_multi_god_temple, lemuel_coloured_pillars_altar,
          mainiacjoe_overflow_alcove_2, minmay_temple_entry_junction,
          serial_co_window_serial, co_window_paths_a, co_window_paths_a,
          co_window_of_opportunity_a, co_window_paths_a, co_window_corner_a,
          co_window_corner_a, co_window_cross_1, co_window_paths_a,
          co_window_cross_1, co_window_2corner, co_window_broadway_b,
          co_window_corner_cb, co_window_of_opportunity_c, co_window_paths_c,
          co_window_corner_b, glass_columns_b, glass_columns_a
Temple:   hellmonk_temple_beads

Skill      XL: |  1  2  3 |
---------------+----------+-----
Stealth        | 3 |  3.0
Dodging        | 3 |  3.0
Spellcasting   | |  4.7
Conjurations   | |  1.6
Summonings     | |  1.9
Translocations | |  1.8
Air Magic      | |  0.3

Action                   || total
-------------------------++-------
Melee: Dagger            ||     3
 Cast: Magic Dart        ||   118
Armor: Robe              ||     3
Dodge: Dodged            ||    11
